 Dungeon Crawl Stone Soup version 0.31.0-11-ge490571c62 (webtiles) character file.

Game seed: 9142823474528855109

7239 qw the Nimble (level 10, -3/49 HPs)
             Began as a Spriggan Hunter on Feb 4, 2024.
             Was an Elder of Okawaru.
             Slain by a death yak (10 damage)
             ... on level 1 of the Lair of Beasts.
             The game lasted 00:00:45 (7028 turns).

qw the Nimble (Spriggan Hunter)                     Turns: 7028, Time: 00:00:46

Health: -3/49      AC:  3    Str:  7    XL:     10   Next: 88%
Magic:  8/15       EV: 30    Int: 10    God:    Okawaru [****..]
Gold:   595        SH:  0    Dex: 24    Spells: 9/9 levels left

rFire   + . .        n - +0 orcbow
rCold   . . .        (shield currently unavailable)
rNeg    . . .        c - +0 robe
rPois   .            (helmet restricted)
rElec   .            l - +0 cloak
rCorr   +            (gloves unavailable)
SInv    +            (boots unavailable)
Will    +....        e - amulet of regeneration
Stlth   ++           j - ring of resist corrosion
HPRegen 1.08/turn    i - ring of protection from fire
MPRegen 0.14/turn

%: no passive effects
@: finesse-ful, very quick
A: very small, no large weapons, unfitting armour, see invisible, speed 3
a: Renounce Religion, Heroism, Finesse


You were on level 1 of the Lair of Beasts.
You worshipped Okawaru.
Okawaru was greatly pleased with you.
You visited 3 branches of the dungeon, and saw 10 of its levels.

You collected 595 gold pieces.


Innate Abilities, Weirdness & Mutations

You are very small and have problems with some larger weapons.
You are too small for most types of armour.
You have supernaturally acute eyesight. (SInv)
You cover ground extremely quickly. (Speed+++)


   Skills:
 - Level 4.0 Fighting
 - Level 12.0 Ranged Weapons
 + Level 12.7 Dodging
 - Level 1.5 Stealth
 + Level 6.3 Invocations


You had 9 spell levels left.
You didn't know any spells.
Your spell library was empty.

Inventory:

Hand Weapons
 n - a +0 orcbow (weapon)
Armour
 c - a +0 robe (worn)
 d - +0 steam dragon scales
 l - a +0 cloak (worn)
Jewellery
 b - a ring of ice
 e - an amulet of regeneration (around neck)
 i - a ring of protection from fire (right hand)
 j - a ring of resist corrosion (left hand)
Wands
 a - a wand of paralysis (5)
Potions
 g - 3 potions of curing
 h - a potion of enlightenment
 k - a potion of might
 m - a potion of resistance

Dungeon Overview and Level Annotations

Branches:
Dungeon (8/15)             Temple (1/1) D:4            Lair (1/5) D:8

Altars:
Ashenzari
Cheibriados
Dithmenos
Elyvilon
Fedhas
Gozag
Hepliaklqana
Makhleb
Okawaru
Qazlal
Ru
Sif Muna
Uskayaw
Vehumet
Wu Jian
Xom
Yredelemnul
Zin
The Shining One

Annotations:
D:4 3 runed translucent doors, qw's ghost, novice DEHu
D:5 3 runed translucent doors, qw's ghost, weakling SpHu
D:8 2 runed translucent doors


Message History

You shoot an arrow. The arrow hits the death yak!
The death yak is almost dead.
You shoot an arrow. The arrow hits the death yak!
The death yak is almost dead.
The death yak barely misses you.
You shoot an arrow. The arrow hits the death yak.
The death yak is almost dead.
Your hands slow down.
A nearby fungus withers and dies.
7018 ||| RETREEEEATING.
Enter note:
Enter note:
Enter note:
Enter note:
Enter note:
7019 ||| RETREEEEATING.
7020 ||| INVOKING Finesse.
You can now deal lightning-fast blows.
You shoot an arrow. The arrow barely misses the death yak.
The death yak completely misses you.
You shoot an arrow.
The arrow hits the death yak but does no damage.
The death yak is lightly wounded.
You shoot an arrow. The arrow hits the death yak.
The death yak is lightly wounded.
You shoot an arrow. The arrow hits the death yak.
The death yak is moderately wounded.
You shoot an arrow. The arrow hits the death yak.
You kill the death yak!
Okawaru is honoured by your kill.
Your Invocations skill increases to level 6!
You shoot an arrow. The arrow hits the death yak!
The death yak is moderately wounded.
The death yak barely misses you. The death yak gores you!
You shoot an arrow. The arrow hits the death yak.
The death yak is moderately wounded.
You shoot an arrow. The arrow hits the death yak.
The death yak is moderately wounded.
The death yak completely misses you. The death yak gores you!
You die...

.l...................S......
....Y.........##.##..#####..
.....lS.......# P... #P..
......Y.......##.... ##..
##.# #...##.... #.#
###..###...##... #.#
#...l......##...
#....S.#lY.# #. #.....##@Y.#
#.#
##.####....#####.######.#
#######................#
........................
........................
........................
............#.##........
...............#.##....#
########...+.8..###....#


You could see 2 death yaks and a basilisk.

Vanquished Creatures
  A death yak (Lair:1)
  Joseph (Lair:1)
  A black mamba (Lair:1)
  A cane toad (Lair:1)
  A komodo dragon (Lair:1)
  A wyvern (D:7)
  10 yaks
  Eustachio (D:6)
  2 steam dragons
  3 water moccasins (Lair:1)
  An ice beast (D:5)
  An orc warrior (D:7)
  3 black bears
  3 ogres
  2 centaurs
  6 wolves
  2 kobold brigands
  A phantom (D:5)
  6 bullfrogs
  A scorpion (D:4)
  A gnoll sergeant (D:5)
  4 killer bees (D:8)
  A howler monkey (D:6)
  A bombardier beetle (D:7)
  A jelly (D:6)
  A gnoll bouda (D:4)
  4 orc priests (D:8)
  6 hounds
  4 iguanas
  A sleepcap (D:5)
  4 orc wizards
  9 gnolls
  11 adders
  A shadow imp (D:6)
  5 dart slugs
  4 ribbon worms
  20 orcs
  5 ball pythons
  An endoplasm (D:1)
  5 giant cockroaches
  5 goblins
  9 hobgoblins
  9 jackals
  21 kobolds
  A quokka (D:4)
  5 bats
  6 frilled lizards
  7 rats
200 creatures vanquished.

Notes
Turn   | Place    | Note
-------+----------+-------------------------------------------
     0 | D:1      | qw the Spriggan Hunter began the quest for the Orb.
     0 | D:1      | Reached XP level 1. HP: 10/10 MP: 2/2
     0 | D:1      | 0 ||| qw: Version: 0.3-a-160-g6735b56
     0 | D:1      | 0 ||| qw: Game counter: 5226
     0 | D:1      | 0 ||| qw: Melee chars always use a shield: true
     0 | D:1      | 0 ||| qw: God list: Okawaru
     0 | D:1      | 0 ||| qw: Allow faded altars: false
     0 | D:1      | 0 ||| qw: Do Orc after clearing Dungeon:15 true
     0 | D:1      | 0 ||| qw: Do second Lair branch before Depths: true
     0 | D:1      | 0 ||| qw: Lair rune preference: random
     0 | D:1      | 0 ||| qw: Goals: Normal
     0 | D:1      | 0 ||| PLANNING D:1-11
    42 | D:1      | Reached skill level 3 in Dodging
   106 | D:1      | Reached XP level 2. HP: 14/14 MP: 3/3
   413 | D:1      | Reached XP level 3. HP: 18/18 MP: 4/4
   793 | D:1      | 793 ||| READING scroll labelled MUXIBB GOKHID.
   794 | D:1      | 794 ||| READING scroll labelled MAT ZA SUXZA.
   794 | D:1      | 794 ||| IDENTIFYING puce potion
   795 | D:1      | 795 ||| DROPPING scroll of butterflies.
  1204 | D:2      | Reached XP level 4. HP: 22/22 MP: 5/5
  1240 | D:2      | Identified the +2 ring mail of Gozag's Displeasure {rElec
                  | rN+ Str-4}
  1258 | D:2      | 1258 ||| READING scroll labelled KAKHOA UFAKK.
  1261 | D:2      | 1261 ||| READING 2 scrolls labelled RUOMIEB IPNOT.
  1261 | D:2      | 1261 ||| ENCHANTING +0 shortbow.
  1262 | D:2      | 1262 ||| READING scroll of enchant weapon.
  1262 | D:2      | 1262 ||| ENCHANTING +1 shortbow.
  1263 | D:2      | 1263 ||| READING scroll labelled KUATZO MIMUNU.
  1264 | D:2      | 1264 ||| READING scroll labelled ROALAK ASEA.
  1265 | D:2      | 1265 ||| DRINKING 2 bubbling emerald potions.
  1267 | D:2      | 1267 ||| Stepping ~*~*~tactically~*~*~ (cloud).
  1342 | D:3      | 1342 ||| STAIRDANCE
  1347 | D:3      | 1347 ||| STAIRDANCE
  1460 | D:3      | HP: 2/22 [hobgoblin (5)]
  1461 | D:3      | 1461 ||| DRINKING 3 potions of heal wounds.
  1633 | D:3      | Found a shimmering altar of Xom.
  1897 | D:3      | Reached XP level 5. HP: 26/26 MP: 6/6
  2031 | D:3      | 2031 ||| READING scroll of identify.
  2031 | D:3      | 2031 ||| IDENTIFYING inky potion
  2032 | D:3      | 2032 ||| READING scroll labelled QELAFO UH TAW.
  2133 | D:3      | 2133 ||| READING scroll labelled TEPLIA CANACAPH.
  2134 | D:3      | 2134 ||| DROPPING potion of brilliance.
  2188 | D:4      | Found a staircase to the Ecumenical Temple.
  2189 | D:4      | 2189 ||| PLANNING TEMPLE
  2196 | Temple   | Found a transporter.
  2196 | Temple   | Found a transporter.
  2196 | Temple   | Found a transporter.
  2196 | Temple   | Found a transporter.
  2196 | Temple   | Entered the Ecumenical Temple
  2197 | Temple   | 2197 ||| PLANNING D:1-11
  2326 | D:4      | Found a runed translucent gate.
  2326 | D:4      | Found a runed translucent gate.
  2326 | D:4      | Found a runed translucent gate.
  2339 | D:4      | Reached skill level 6 in Ranged Weapons
  2390 | D:4      | Noticed qw's ghost (novice DEHu)
  2446 | D:4      | Noticed a black bear
  2454 | D:4      | Killed a black bear
  2455 | D:4      | Reached skill level 6 in Dodging
  2455 | D:4      | Reached XP level 6. HP: 14/30 MP: 7/7
  2542 | D:4      | HP: 5/30 [gnoll/+0 club[a gnoll bouda] (5)]
  2543 | D:4      | 2543 ||| READING scroll of teleportation.
  2543 | D:4      | HP: 2/30 [gnoll/+0 club[a gnoll bouda] (4)]
  2544 | D:4      | 2544 ||| DRINKING 4 potions of heal wounds.
  2829 | D:4      | Found an iron altar of Okawaru.
  2830 | D:4      | 2830 ||| PLANNING OKAWARU WORSHIP
  2834 | D:4      | Reached XP level 7. HP: 35/35 MP: 8/8
  2837 | D:4      | 2837 ||| UPGRADING to +0 cloak.
  2850 | D:4      | 2850 ||| UPGRADING to ring of resist corrosion.
  2851 | D:4      | 2851 ||| READING 2 scrolls of identify.
  2851 | D:4      | 2851 ||| IDENTIFYING bubbling coppery potion
  2852 | D:4      | 2852 ||| READING scroll of identify.
  2852 | D:4      | 2852 ||| IDENTIFYING smoky clear potion
  2853 | D:4      | 2853 ||| DRINKING 2 bubbling inky potions.
  2854 | D:4      | 2854 ||| DROPPING potion of degeneration.
  2855 | D:4      | 2855 ||| DROPPING potion of attraction.
  2862 | D:4      | Became a worshipper of Warmaster Okawaru
  2863 | D:4      | 2863 ||| PLANNING D:1-11
  3050 | D:4      | 3050 ||| READING scroll of identify.
  3050 | D:4      | 3050 ||| IDENTIFYING ruby potion
  3069 | D:5      | Entered Level 5 of the Dungeon
  3089 | D:5      | 3089 ||| RETREEEEATING.
  3095 | D:5      | 3095 ||| RETREEEEATING.
  3099 | D:5      | HP: 3/35 [gnoll/+0 spear[a gnoll sergeant] (8)]
  3100 | D:5      | 3100 ||| DRINKING 3 potions of heal wounds.
  3322 | D:5      | Found a shadowy altar of Dithmenos.
  3479 | D:5      | Reached * piety under Okawaru
  3540 | D:5      | Found a runed translucent gate.
  3543 | D:5      | Found a runed translucent gate.
  3544 | D:5      | Found a runed translucent gate.
  3544 | D:5      | Noticed qw's ghost (weakling SpHu)
  3595 | D:5      | Reached skill level 1 in Invocations
  3731 | D:5      | Reached XP level 8. HP: 36/39 MP: 10/10
  3807 | D:5      | Found a broken altar of Ashenzari.
  3837 | D:5      | Identified the +2 short sword "Oluil" {antimagic, rPois
                  | Str-3 Int+3 SInv}
  4013 | D:5      | Found a radiant altar of Vehumet.
  4142 | D:5      | 4142 ||| UPGRADING to amulet of regeneration.
  4147 | D:5      | 4147 ||| READING scroll of identify.
  4147 | D:5      | 4147 ||| IDENTIFYING brown potion
  4310 | D:6      | Noticed Eustachio
  4338 | D:6      | Killed Eustachio
  4339 | D:6      | Reached skill level 3 in Invocations
  4430 | D:6      | Reached skill level 3 in Fighting
  4466 | D:6      | Reached ** piety under Okawaru
  4671 | D:6      | 4671 ||| INVOKING Heroism.
  4672 | D:6      | 4672 ||| DRINKING potion of haste.
  5101 | D:6      | 5101 ||| UPGRADING to ring of protection from fire.
  5102 | D:6      | 5102 ||| READING 2 scrolls of identify.
  5102 | D:6      | 5102 ||| IDENTIFYING black potion
  5138 | D:7      | Reached skill level 9 in Ranged Weapons
  5228 | D:7      | 5228 ||| SWAPPING to +0 orcbow.
  5229 | D:7      | 5229 ||| DROPPING +2 shortbow.
  5237 | D:7      | 5237 ||| RETREEEEATING.
  5242 | D:7      | Reached skill level 9 in Dodging
  5242 | D:7      | Reached XP level 9. HP: 33/44 MP: 13/13
  5242 | D:7      | 5242 ||| INVOKING Heroism.
  5310 | D:7      | 5310 ||| RETREEEEATING.
  5311 | D:7      | 5311 ||| RETREEEEATING.
  5312 | D:7      | 5312 ||| RETREEEEATING.
  5320 | D:7      | 5320 ||| INVOKING Heroism.
  5324 | D:7      | 5324 ||| RETREEEEATING.
  5326 | D:7      | 5326 ||| RETREEEEATING.
  5327 | D:7      | 5327 ||| RETREEEEATING.
  5328 | D:7      | 5328 ||| RETREEEEATING.
  5352 | D:7      | Reached *** piety under Okawaru
  5611 | D:7      | 5611 ||| READING 2 scrolls of identify.
  5611 | D:7      | 5611 ||| IDENTIFYING scroll labelled HEBAUTIMEN
  5612 | D:7      | 5612 ||| DROPPING scroll of amnesia.
  5752 | D:8      | Found a large runed translucent door.
  5752 | D:8      | Found a large runed translucent door.
  5756 | D:8      | Noticed a kobold demonologist
  5756 | D:8      | Noticed a brown ugly thing
  5756 | D:8      | Noticed a kobold demonologist
  5758 | D:8      | Found a shimmering altar of Xom.
  5841 | D:8      | Found a basalt altar of Yredelemnul.
  6118 | D:8      | 6118 ||| RETREEEEATING.
  6121 | D:8      | 6121 ||| RETREEEEATING.
  6122 | D:8      | 6122 ||| RETREEEEATING.
  6128 | D:8      | Reached XP level 10. HP: 34/49 MP: 14/14
  6149 | D:8      | Reached **** piety under Okawaru
  6182 | D:8      | Found a staircase to the Lair.
  6491 | D:8      | 6491 ||| PLANNING LAIR
  6491 | D:8      | 6491 ||| READING 2 scrolls of identify.
  6491 | D:8      | 6491 ||| IDENTIFYING clear potion
  6492 | D:8      | 6492 ||| READING scroll of identify.
  6492 | D:8      | 6492 ||| IDENTIFYING metallic clear potion
  6493 | D:8      | 6493 ||| READING 2 scrolls labelled XOASEB NIONUG.
  6494 | D:8      | 6494 ||| DROPPING scroll of fear.
  6495 | D:8      | 6495 ||| DROPPING potion of invisibility.
  6496 | D:8      | 6496 ||| DROPPING potion of ambrosia.
  6524 | Lair:1   | Entered Level 1 of the Lair of Beasts
  6571 | Lair:1   | Noticed a black mamba
  6572 | Lair:1   | 6572 ||| INVOKING Finesse.
  6572 | Lair:1   | Noticed a black mamba
  6583 | Lair:1   | HP: 11/49 [black mamba (16)]
  6584 | Lair:1   | 6584 ||| READING scroll of teleportation.
  6584 | Lair:1   | HP: 4/49 [poisoned by a black mamba]
  6585 | Lair:1   | 6585 ||| DRINKING 3 potions of heal wounds.
  6589 | Lair:1   | 6589 ||| DRINKING 2 potions of heal wounds.
  6592 | Lair:1   | HP: 12/49 [poisoned by a black mamba]
  6593 | Lair:1   | 6593 ||| DRINKING potion of heal wounds.
  6606 | Lair:1   | Noticed a cane toad
  6607 | Lair:1   | 6607 ||| INVOKING Heroism.
  6613 | Lair:1   | Killed a cane toad
  6699 | Lair:1   | Reached skill level 12 in Dodging
  6712 | Lair:1   | 6712 ||| RETREEEEATING.
  6713 | Lair:1   | 6713 ||| RETREEEEATING.
  6714 | Lair:1   | 6714 ||| RETREEEEATING.
  6715 | Lair:1   | 6715 ||| RETREEEEATING.
  6817 | Lair:1   | Noticed Joseph
  6818 | Lair:1   | 6818 ||| INVOKING Finesse.
  6821 | Lair:1   | 6821 ||| INVOKING Finesse.
  6822 | Lair:1   | 6822 ||| INVOKING Finesse.
  6830 | Lair:1   | Killed Joseph
  6851 | Lair:1   | Killed a black mamba
  6876 | Lair:1   | 6876 ||| RETREEEEATING.
  6878 | Lair:1   | 6878 ||| RETREEEEATING.
  6880 | Lair:1   | 6880 ||| RETREEEEATING.
  6882 | Lair:1   | 6882 ||| RETREEEEATING.
  6888 | Lair:1   | Reached skill level 12 in Ranged Weapons
  6979 | Lair:1   | Noticed a death yak
  6980 | Lair:1   | 6980 ||| INVOKING Finesse.
  6982 | Lair:1   | Noticed a death yak
  6982 | Lair:1   | Noticed a death yak
  6983 | Lair:1   | 6983 ||| RETREEEEATING.
  6987 | Lair:1   | 6987 ||| RETREEEEATING.
  6997 | Lair:1   | 6997 ||| RETREEEEATING.
  7012 | Lair:1   | HP: 7/49 [death yak (24)]
  7013 | Lair:1   | 7013 ||| RETREEEEATING.
  7018 | Lair:1   | 7018 ||| RETREEEEATING.
  7019 | Lair:1   | 7019 ||| RETREEEEATING.
  7020 | Lair:1   | 7020 ||| INVOKING Finesse.
  7025 | Lair:1   | Killed a death yak
  7026 | Lair:1   | Reached skill level 6 in Invocations
  7026 | Lair:1   | HP: 6/49 [death yak (9)]
  7028 | Lair:1   | Slain by a death yak

Levels and vault maps discovered:
D:1:      evilmike_arrival_fibonacci_small, layout_basic, minmay_pentomino_v4
D:2:      layout_basic
D:3:      layout_loops_ring, xom_teletrap_fun, minmay_ruptured
D:4:      layout_loops_ring, okawaru_metal_pillars_1_2,
          minmay_temple_entry_statues_pillars, gammafunk_ghost_icy
D:5:      layout_cave_pods, kennysheep_mini_moat, grunt_dithmenos_shadows,
          general_overflow_altar, ebering_ghost_rock_garden
D:6:      layout_basic, minmay_misc_feat_four_crosses, uniq_eustachio
D:7:      layout_rooms, nicolae_the_louvre
D:8:      due_chaos_kobolds, layout_gridville, nicolae_overflow_crystal_walls,
          erik_lair_orcish_takeover, minivault_25
Temple:   hellmonk_temple_divided_pantheon
Lair:1:   layout_regular_city, gammafunk_ghost_wrathful_warriors,
          grunt_megastairs_4, serial_bayou_shore_a, uniq_joseph

Skill      XL: |  1  2  3  4  5  6  7  8  9 10 |
---------------+-------------------------------+-----
Dodging        | 3 4 5 6 7 9 11 12 | 12.7
Ranged Weapons | 5 6 7 8 9 10 12 | 12.0
Fighting       | 2 3 4 |  4.0
Invocations    | 1 4 6 |  6.3
Stealth        | |  1.5

Action                     |  1- 3 |  4- 6 |  7- 9 | 10-12 || total
---------------------------+-------+-------+-------+-------++-------
   Fire: Shortbow          |   124 |   182 |   216 |       ||   522
         Orcbow            |       |       |   178 |   207 ||   385
 Invoke: Heroism           |       |       |     3 |     1 ||     4
         Finesse           |       |       |       |     4 ||     4
    Use: Scroll            |     2 |     9 |     6 |     4 ||    21
         Potion            |       |     3 |     3 |     3 ||     9
 Armour: Robe              |    15 |    40 |    63 |    37 ||   155
  Dodge: Dodged            |    49 |   110 |   227 |   177 ||   563

Table legend:
 A = Non-vault XP
 B = Vault XP
 C = Vault XP percentage of total XP
 D = Non-vault monster count
 E = Vault monster count
 F = Vault count percentage of total count
                 A         B        C        D         E       F
            +---------+---------+-------+---------+---------+-------
      Total |    8278 |    2064 |  20.0 |     179 |      21 |  10.5
            +---------+---------+-------+---------+---------+-------
        D:1 |      46 |       3 |   6.1 |      27 |       2 |   6.9
        D:2 |      62 |       0 |   0.0 |      24 |       0 |   0.0
        D:3 |      84 |       6 |   6.7 |      19 |       3 |  13.6
        D:4 |     584 |       0 |   0.0 |      29 |       0 |   0.0
        D:5 |     588 |     103 |  14.9 |      14 |       1 |   6.7
        D:6 |     621 |     191 |  23.5 |      16 |       1 |   5.9
        D:7 |    2152 |       0 |   0.0 |      18 |       0 |   0.0
        D:8 |     965 |     394 |  29.0 |      19 |       8 |  29.6
     Lair:1 |    3176 |    1367 |  30.1 |      13 |       6 |  31.6
            +---------+---------+-------+---------+---------+-------
